 Dungeon Crawl Stone Soup version 0.19.0-2-gae57169 (webtiles) character file.

85 Gravenous the Skirmisher (level 4, 0/35 HPs)
             Began as a Demonspawn Monk on Nov 5, 2016.
             Slain by Natasha (9 damage)
             ... on level 2 of the Dungeon.
             The game lasted 00:02:51 (1623 turns).

Gravenous the Skirmisher (Demonspawn Monk)          Turns: 1623, Time: 00:02:52

Health: 0/35       AC:  2    Str: 11    XL:     4   Next: 25%
Magic:  4/4        EV: 13    Int: 13    God:
Gold:   78         SH:  4    Dex: 15    Spells: 0 memorised, 3 levels left

rFire  . . .     SeeInvis .       - Unarmed
rCold  . . .     Gourm    .     a - +0 robe
rNeg   . . .     Faith    .     g - +0 buckler
rPois  .         Spirit   .     (helmet restricted)
rElec  .         Reflect  .     (no cloak)
rCorr  .         Harm     .     (no gloves)
MR     .....                    (no boots)
Stlth  ++........               (no amulet)
                                (no ring)
                                (no ring)

@: no status effects
A: antennae 1, powered by death 1
a: no special abilities


You were on level 2 of the Dungeon.
You were hungry.

You visited 1 branch of the dungeon, and saw 2 of its levels.

You collected 78 gold pieces.

Inventory:

Armour
 a - a +0 robe (worn)
 g - a +0 buckler (worn)
Wands
 c - a wand of teleportation (4/9)
Scrolls
 e - a scroll of identify {unknown}
 f - a scroll of enchant weapon {unknown}
 k - 2 scrolls of teleportation {unknown}
 l - a scroll of noise {unknown}
Potions
 i - a potion of heal wounds {unknown}
 j - a potion of degeneration {unknown}
 m - a potion of lignification {unknown}
Comestibles
 b - 2 bread rations
 d - a royal jelly
 h - a meat ration
 n - 2 chunks of flesh


   Skills:
 + Level 3.5 Fighting
 + Level 3.3 Dodging
 - Level 1.9 Stealth
 + Level 0.8 Shields
 * Level 3.5 Unarmed Combat


You had 3 spell levels left.
You didn't know any spells.

Dungeon Overview and Level Annotations

Branches:
Dungeon (2/15)

Altars:

Annotations:
D:2 Natasha


Innate Abilities, Weirdness & Mutations

You have a pair of small antennae on your head.
You regenerate a little health from kills.


Message History

Natasha is lightly wounded.
Natasha stares at you and mumbles some strange words.
The magic dart hits you!
You hit Natasha but do no damage.
Natasha is lightly wounded.
Natasha completely misses you.
You hit Natasha.
Natasha is moderately wounded.
Natasha claws you.
* * * LOW HITPOINT WARNING * * *
You hit Natasha but do no damage.
Natasha is moderately wounded.
Natasha completely misses you.
You closely miss Natasha.
Natasha is moderately wounded.
Natasha closely misses you.
You closely miss Natasha.
Natasha is moderately wounded.
Natasha claws you!
You die...

##................ ...........
##..##............. #.........#
###..###.............
#.........###...## #.............
...........##.######.........รท...
...........##.# #.............).
...........##.# #.##............
...........##.####.###..........#
...<(.........#h@..# ########.###
.......#...###..#### #.##
..#...#_#..# #.## ####..##
#.###..#.......# #.......
..###......##### #.......
##.........# #..(.... #.......####
#....... .........# #####.......
.........# #..........P


You could see Natasha.

Vanquished Creatures
  Natasha (D:2)
  2 oozes
  2 dart slugs
  A ball python (D:1)
  4 giant cockroaches
  10 goblins
  3 hobgoblins
  4 jackals (D:2)
  6 bats
  3 frilled lizards
  4 kobolds (D:1)
  7 rats
47 creatures vanquished.

Notes
Turn   | Place    | Note
-------+----------+-------------------------------------------
     0 | D:1      | Gravenous the Demonspawn Monk began the quest for the Orb.
     0 | D:1      | Reached XP level 1. HP: 18/18 MP: 1/1
   249 | D:1      | Gained mutation: You have a pair of small antennae on your head. [demonic ancestry]
   249 | D:1      | Reached XP level 2. HP: 23/24 MP: 2/2
   626 | D:1      | Gained mutation: You regenerate a little health from kills. [demonic ancestry]
   626 | D:1      | Reached XP level 3. HP: 26/29 MP: 3/3
   883 | D:2      | Found a faded altar of an unknown god.
  1126 | D:2      | Noticed Natasha
  1139 | D:2      | Killed Natasha
  1139 | D:2      | Reached XP level 4. HP: 6/35 MP: 4/4
  1585 | D:2      | Noticed Natasha
  1623 | D:2      | Slain by Natasha

Skill      XL: |  1  2 |
---------------+-------+-----
Unarmed Combat | 3 |  3.5
Dodging        | 3 |  3.3
Fighting       | |  3.5
Stealth        | |  1.9
Shields        | |  0.8

Action                   |  1- 3 |  4- 6 || total
-------------------------+-------+-------++-------
Melee: Unarmed           |   184 |    42 ||   226
       Punch             |     1 |       ||     1
 Stab: Sleeping          |     7 |       ||     7
  Eat: Chunk             |     1 |     1 ||     2
Armor: Robe              |    34 |     4 ||    38
Dodge: Dodged            |   101 |    31 ||   132
Block: Buckler           |     9 |     5 ||    14
